 Dungeon Crawl Stone Soup version 0.21-a0-405-gf2af9a1 (webtiles) character file.

30 lauthentik the Ruffian (level 3, -6/28 HPs)
             Began as a Draconian Transmuter on Nov 1, 2017.
             Engulfed by a cloud of flame (19 damage)
             ... on level 1 of the Dungeon.
             The game lasted 00:05:28 (680 turns).

lauthentik the Ruffian (Draconian Transmuter)        Turns: 680, Time: 00:05:31

Health: -6/28      AC:  5    Str: 12    XL:     3   Next: 5%
Magic:  6/6        EV:  7    Int: 14    God:
Gold:   58         SH: 10    Dex: 11    Spells: 3/6 levels left

rFire    . . .     SeeInvis .     - Unarmed
rCold    . . .     Gourm    .   h - +0 large shield
rNeg     . . .     Faith    .   (armour unavailable)
rPois    .         Spirit   .   (helmet restricted)
rElec    .         Reflect  .   (no cloak)
rCorr    .         Harm     .   (no gloves)
MR       .....                  (no boots)
Stlth    +.........             j - amulet of inaccuracy (curse)
HPRegen  0.09/turn              (no ring)
MPRegen  0.10/turn              (no ring)

@: no status effects
A: unfitting armour, cold-blooded, AC +5
a: no special abilities


You were on level 1 of the Dungeon.
You were not hungry.

You visited 1 branch of the dungeon, and saw 1 of its levels.

You collected 58 gold pieces.

Inventory:

Missiles
 a - 12 arrows
Armour
 h - a +0 large shield (worn)
Jewellery
 j - a cursed amulet of inaccuracy (around neck)
Scrolls
 g - a scroll of teleportation {unknown}
 i - a scroll of fear {unknown}
Potions
 d - 2 potions of curing {unknown}
Books
 b - a book of Changes

   Spells                             Type                      Level
   a - Beastly Appendage              Transmutation                1
   b - Sticks to Snakes               Transmutation                2
   c - Spider Form                    Transmutation/Poison         3
   d - Ice Form                       Ice/Transmutation            4
   e - Blade Hands                    Transmutation                5
Comestibles
 c - a bread ration
 f - 4 chunks of flesh


   Skills:
 + Level 1.1 Fighting
 + Level 2.0 Dodging
 + Level 0.1 Stealth
 + Level 3.7 Unarmed Combat
 + Level 2.3 Spellcasting
 + Level 2.1 Transmutations


You had 3 spell levels left.
You knew the following spells:

 Your Spells              Type           Power        Failure   Level  Hunger
a - Beastly Appendage     Tmut           #.....       94%         1    #......
b - Sticks to Snakes      Tmut           #.......     98%         2    ###....


Dungeon Overview and Level Annotations

Branches:
Dungeon (1/15)

Altars:


Innate Abilities, Weirdness & Mutations

Your plain brown scales are hard. (AC +5)
You cannot fit into any form of body armour.
You are cold-blooded and may be slowed by cold attacks.


Message History

a dagger; a goblin corpse Put on which piece of jewellery? (? for menu, Esc to quit)
Oops, that amulet feels deathly cold.
j - a cursed amulet of inaccuracy (around neck) Some of the chunks of flesh in your inventory have rotted away.
A rat comes into view.
As you read the scroll labeled EQUAQA ZEIWK, it crumbles to dust.
The creatures around you are filled with an inner flame!
It was a scroll of immolation.
You block the rat's attack.
You see here 13 gold pieces.
You closely miss the rat. The rat barely misses you.
You closely miss the rat. The rat closely misses you.
You hit the rat.
The rat explodes!
The fiery explosion engulfs you!
Ouch! That really hurt!
You are engulfed in blazing flames.
Ouch! That really hurt!
You die...

#........# ## #........#
.# #........# .#
#........# .# #........#
.# #....§§§.# .#
#....§§§.# .# #@§.# ##
#...# ######## #...#
###......#######...####
........................
.........#######....####
.........# #....#
.....#...##########.#
.....#............#.#


There were no monsters in sight!

Vanquished Creatures
  An ooze (D:1)
  8 goblins (D:1)
  3 hobgoblins (D:1)
  A ball python (D:1)
  A bat (D:1)
  3 frilled lizards (D:1)
  4 kobolds (D:1)
  5 rats (D:1)
26 creatures vanquished.

Notes
Turn   | Place    | Note
-------+----------+-------------------------------------------
     0 | D:1      | lauthentik the Draconian Transmuter began the quest for the Orb.
     0 | D:1      | Reached XP level 1. HP: 16/16 MP: 3/3
    60 | D:1      | Reached XP level 2. HP: 14/23 MP: 3/5
    67 | D:1      | Learned a level 2 spell: Sticks to Snakes
   584 | D:1      | Reached XP level 3. HP: 24/28 MP: 6/6
   680 | D:1      | Engulfed by a cloud of flame

Vault maps used:
D:1:      onia_arrival_handbag, minmay_misc_feat_doors

Skill      XL: |  1  2 |
---------------+-------+-----
Dodging        | 2 |  2.0
Fighting       | |  1.1
Stealth        | |  0.1
Unarmed Combat | |  3.7
Spellcasting   | |  2.3
Transmutations | |  2.1

Action                   || total
-------------------------++-------
Melee: Unarmed           ||    70
       Tailslap          ||     4
       Kick              ||     6
 Cast: Beastly Appendage ||     7
  Use: Scroll            ||     1
Armor: Skin              ||    19
Dodge: Dodged            ||    38
Block: Large shield      ||    14

Table legend:
 A = Spawn XP
 B = Non-spawn XP
 C = Spawn XP percentage of total XP
 D = Spawn monster count
 E = Non-spawn monster count
 F = Spawn count percentage of total count
 G = Total turns spent on level
                    A         B        C        D         E        F      G
               +---------+---------+-------+---------+---------+-------+---------
         Total |       0 |      44 |   0.0 |       0 |      26 |   0.0 |   680
               +---------+---------+-------+---------+---------+-------+---------
           D:1 |       0 |      44 |   0.0 |       0 |      26 |   0.0 |   680
               +---------+---------+-------+---------+---------+-------+---------
